 Dungeon Crawl Stone Soup version 0.29-a0-322-g68df515428 (webtiles) character file.

Game seed: 12137154846013232618

21 Hubjo the Slasher (level 2, -5/16 HPs)
             Began as a Deep Elf Wanderer on Apr 7, 2022.
             Slain by a worm (9 damage)
             ... on level 2 of the Dungeon on Apr 8, 2022.
             The game lasted 00:03:19 (1027 turns).

Hubjo the Slasher (Deep Elf Wanderer)               Turns: 1027, Time: 00:03:20

Health: -5/16      AC:  2    Str:  7    XL:     2   Next: 62%
Magic:  6/6        EV: 13    Int: 15    God:
Gold:   19         SH:  0    Dex: 17    Spells: 1/4 levels left

rFire   . . .      SeeInvis .   a - +2 falchion
rCold   . . .      Faith    .   (no shield)
rNeg    . . .      Spirit   .   e - +0 robe
rPois   .          Reflect  .   (no helmet)
rElec   .          Harm     .   (no cloak)
rCorr   .          Rampage  .   (no gloves)
Will    .....                   (no boots)
Stlth   ++........              (no amulet)
HPRegen 0.05/turn               g - ring of flight
MPRegen 0.10/turn               (no ring)

@: flying
A: no striking features
a: no special abilities


You were on level 2 of the Dungeon.
You visited 1 branch of the dungeon, and saw 2 of its levels.

You collected 19 gold pieces.

Inventory:

Hand Weapons
 a - a +2 falchion (weapon)
 c - a +0 dagger
Missiles
 b - 12 poisoned darts (quivered)
Armour
 e - a +0 robe (worn)
Jewellery
 g - a ring of flight (left hand)
Scrolls
 d - a scroll of vulnerability
 f - a scroll of teleportation {unknown}
 h - 2 scrolls of amnesia {unknown}
 k - a scroll of holy word {unknown}
 l - 2 scrolls of fear {unknown}
 m - 2 scrolls of silence {unknown}
 n - a scroll of enchant armour {unknown}
Potions
 i - a potion of cancellation {unknown}
 j - a potion of heal wounds {unknown}
 o - a potion of curing {unknown}


   Skills:
 * Level 0.7 Fighting
 - Level 2.6 Long Blades
 - Level 2.0 Throwing
 + Level 2.6 Dodging
 * Level 1.8 Stealth
 + Level 1.9 Spellcasting
 - Level 1.1 Translocations
 + Level 1.4 Evocations


You had one spell level left.
You knew the following spells:

 Your Spells              Type           Power      Damage    Failure   Level
a - Apportation           Tloc           8%         N/A       14%         1
b - Scorch                Fire           2%         2d5       34%         2

Your spell library contained the following spells:

 Spells                   Type           Power      Damage    Failure   Level
 Teleport Other           Tloc           4%         N/A       38%         3
 Dazzling Flash           Conj/Hex       2%         N/A       56%         3
 Flame Wave               Conj/Fire      1%         2d4       92%         4
 Agony                    Necr           1%         N/A       99%         5
 Silence                  Hex/Air        0%         N/A       99%         5
 Summon Cactus Giant      Summ           0%         N/A       100%        6


Dungeon Overview and Level Annotations

Branches:
Dungeon (2/15)

Altars:


Message History

You hit the worm.
The worm is heavily wounded.
The worm bites you but does no damage.
You slash the worm!
The worm is almost dead.
The rat twitches its whiskers.
The rat bites you but does no damage. The worm bites you.
You barely miss the worm.
The worm is almost dead.
The rat bites you.
You hit the worm but do no damage.
The worm is almost dead.
The rat closely misses you. The worm bites you!
Ouch! That really hurt!
* * * LOW HITPOINT WARNING * * *
You are too injured to fight recklessly!
You are too injured to fight recklessly!
You are too injured to fight recklessly!
You are too injured to fight recklessly!
You are too injured to fight recklessly!
You are too injured to fight recklessly!
You are too injured to fight recklessly!
You are too injured to fight recklessly!
You are too injured to fight recklessly!
You are too injured to fight recklessly!
You are too injured to fight recklessly!
You are too injured to fight recklessly!
You are too injured to fight recklessly!
You are too injured to fight recklessly!
You are too injured to fight recklessly!
You are too injured to fight recklessly!
You are too injured to fight recklessly!
You hit the rat.
You kill the rat!
You see here a rat corpse.
You completely miss the worm.
The worm is severely wounded.
The worm bites you!
Ouch! That really hurt!
You die...

#.# #.# #.# #.#
#.# #.# #.# #.#
#@# #w#
#...).......
...............
####...#.######
##.. .# ... .#
##.. ## #..


You could see a worm.

Vanquished Creatures
  An endoplasm (D:1)
  A giant cockroach (D:2)
  2 goblins (D:1)
  2 hobgoblins (D:1)
  3 quokkas (D:1)
  3 ball pythons
  A frilled lizard (D:1)
  2 kobolds
  4 rats
19 creatures vanquished.

Notes
Turn   | Place    | Note
-------+----------+-------------------------------------------
     0 | D:1      | Hubjo the Deep Elf Wanderer began the quest for the Orb.
     0 | D:1      | Hubjo set off with the following items: a +2 falchion, 12
                  | poisoned darts, a +0 dagger, a scroll of vulnerability, a
                  | +0 robe; and the following spell memorised: Apportation;
                  | and the following spells available to memorise: Teleport
                  | Other
     0 | D:1      | Reached XP level 1. HP: 10/10 MP: 5/5
   282 | D:1      | Reached skill level 1 in Stealth
   394 | D:1      | Reached XP level 2. HP: 16/16 MP: 6/6
   544 | D:1      | Learned a level 2 spell: Scorch
  1027 | D:2      | Slain by a worm

Illustrated notes

Levels and vault maps discovered:
D:1:      amcnicky_arrival_gap_in_the_tavern_cellar, layout_loops_cross,
          nicolae_concentric_dashed_squares_wild
D:2:      layout_loops_ring, chequers_serial_rivers_micro_b,
          minmay_misc_feat_pillars, uniq_crazy_yiuf_cottage, uniq_terence

Skill      XL: |  1 |
---------------+----+-----
Stealth        | 1 |  1.8
Fighting       | |  0.7
Long Blades    | |  2.6
Throwing       | |  2.0
Dodging        | |  2.6
Spellcasting   | |  1.9
Translocations | |  1.1
Evocations     | |  1.4

Action                   || total
-------------------------++-------
Melee: Falchion          ||    36
       Punch             ||     1
 Cast: Scorch            ||     1
 Stab: Sleeping          ||     1
Armor: Robe              ||     5
Dodge: Dodged            ||    18

Table legend: (Time is in decaauts)
 A = Elapsed time spent in this place.
 B = Non-inter-level travel time spent in this place.
 C = Inter-level travel time spent in this place.
 D = Time resting spent in this place.
 E = Time spent auto-exploring this place.
 F = Levels seen in this place.
 G = Mean time per level.
                   A        B        C        D        E       F      G
               +--------+--------+--------+--------+--------+-----+--------+
         Total |   1031 |   1016 |     15 |      0 |    885 |   2 |  515.5 |
       Dungeon |   1031 |   1016 |     15 |      0 |    885 |   2 |  515.5 |
               +--------+--------+--------+--------+--------+-----+--------+

Top non-repeatable levels by time:
     D:1: 929 daAuts
     D:2: 102 daAuts
